 Dungeon Sprint DCSS version 0.31-a0-841-g038b102fc3 (webtiles) character file.

Game seed: 7217731097536778614

903 sircluck the Grappler (level 7, -10/81 HPs)
             Began as a Troll Berserker on Sept 27, 2023.
             Was a High Priest of Trog.
             Mangled by a death yak (27 damage)
             ... in the Dungeon (Sprint VII: "The Pits").
             The game lasted 00:00:48 (316 turns).

sircluck the Grappler (Troll Berserker)              Turns: 316, Time: 00:00:48

Health: -10/81     AC:  4    Str: 28    XL:     7   Next: 80%
Magic:  6/6        EV: 12    Int:  3    God:    Trog [*****.]
Gold:   0          SH:  0    Dex:  9    Spells: 6/6 levels left

rFire   . .          .
                       - Unarmed
rCold   . . .        (no shield)
rNeg    . . .        a - +0 animal skin
rPois   .            (helmet restricted)
rElec   .            (no cloak)
rCorr   .            (gloves unavailable)
SInv    .            (boots unavailable)
Will    .....        (no amulet)
Stlth   +            (no ring)
HPRegen 1.13/turn    (no ring)
MPRegen 0.10/turn

%: no teleportation
@: no status effects
A: large, unfitting armour, claws 3, regeneration 1, shaggy fur 1, tough skin 1
a: Renounce Religion, Berserk, Trog's Hand, Brothers in Arms


You were in the Dungeon.
You worshipped Trog.
Trog was extremely pleased with you.
You visited 1 branch

Inventory:

Missiles
 k - a curare-tipped dart (quivered)
Armour
 a - a +0 animal skin (worn)
Scrolls
 g - a scroll of blinking
 i - 2 scrolls of vulnerability
 j - a scroll of butterflies
Potions
 b - 6 potions of curing
 c - 6 potions of heal wounds
 d - a potion of haste
 e - 4 potions of magic
 f - 3 potions of berserk rage
 h - 2 potions of invisibility


   Skills:
 + Level 8.8 Fighting
 + Level 8.7 Dodging
 + Level 10.4 Unarmed Combat


You had 6 spell levels left.
You didn't know any spells.
Your spell library was empty.

Dungeon Overview and Level Annotations

Branches:
Dungeon (1/1)

Altars:
Ashenzari
Cheibriados
Dithmenos
Elyvilon
Fedhas
Gozag
Hepliaklqana
Kikubaaqudgha
Makhleb
Nemelex Xobeh
Okawaru
Qazlal
Ru
Sif Muna
Trog
Uskayaw
Vehumet
Wu Jian
Xom
Yredelemnul
Zin
The Shining One
Jiyva
Lugonu


Innate Abilities, Weirdness & Mutations

You are too large for most types of armour.
You have claws for hands.
Your natural rate of healing is unusually fast.
You are covered in fur. (AC +1)
You have tough skin. (AC +1)


Message History

Trog grants you a weapon! Something appears at your feet!
You see here a +4 halberd of flaming.
No target in view!
No target in view!
There is an open door here.
You open the door.
A death yak comes into view.
The death yak bellows!
You scratch the death yak.
The death yak is lightly wounded.
The death yak gores you.
You mangle the death yak!!
The death yak is moderately wounded.
You barely miss the death yak.
The death yak is moderately wounded.
The death yak gores you!!
You claw the death yak!
The death yak is heavily wounded.
The death yak gores you!!
You are too injured to fight recklessly!
You are too injured to fight recklessly!
You are too injured to fight recklessly!
You are too injured to fight recklessly!
You are too injured to fight recklessly!
You are too injured to fight recklessly!
You are too injured to fight recklessly!
You are too injured to fight recklessly!
You scratch the death yak but do no damage.
The death yak is heavily wounded.
The death yak gores you!!
* * * LOW HITPOINT WARNING * * *
You scratch the death yak.
The death yak is heavily wounded.
The death yak barely misses you.
You scratch the death yak.
The death yak is heavily wounded.
You scratch the death yak.
The death yak is heavily wounded.
The death yak gores you!!
You die...

#.#........##.......##..#
#'###########.......##++#
#.......# #########
#.......# #..)#...#
#.†###..#+# #...#...#.+
#......)#Y# #.......@.#
###########


You could see a death yak.

Vanquished Creatures
  A bog body (D)
  A wyvern (D)
  An ogre (D)
  A phantom (D)
  A kobold brigand (D)
  A jelly (D)
  A mummy (D)
  A gnoll (D)
  A river rat (D)
  An ufetubus (D)
  A bat (D)
  An endoplasm (D)
  A goblin (D)
  A hobgoblin (D)
  6 jackals (D)
  A kobold (D)
  A rat (D)
22 creatures vanquished.

Notes
Turn   | Place    | Note
-------+----------+-------------------------------------------
     0 | D        | sircluck the Troll Berserker began the quest for the Orb.
     0 | D        | Reached XP level 1. HP: 22/22 MP: 0/0
    11 | D        | Noticed a wyvern
    11 | D        | Noticed a bog body
    21 | D        | Killed a wyvern
    22 | D        | Reached skill level 5 in Fighting
    22 | D        | Reached skill level 5 in Dodging
    22 | D        | Reached skill level 6 in Unarmed Combat
    22 | D        | Reached XP level 2. HP: 24/35 MP: 1/1
    22 | D        | Reached XP level 3. HP: 29/42 MP: 2/2
    22 | D        | Reached XP level 4. HP: 35/50 MP: 3/3
    22 | D        | Reached XP level 5. HP: 40/57 MP: 4/4
    24 | D        | Killed a bog body
    24 | D        | Reached ** piety under Trog
    25 | D        | Reached skill level 9 in Unarmed Combat
    25 | D        | Reached XP level 6. HP: 54/72 MP: 5/5
    25 | D        | Reached XP level 7. HP: 60/80 MP: 6/6
   120 | D        | Found a bloodstained altar of Trog.
   120 | D        | Found a shimmering blue altar of Sif Muna.
   120 | D        | Found a viscous altar of Jiyva.
   120 | D        | Found a hazy altar of Hepliaklqana.
   120 | D        | Found an opulent altar of Gozag.
   121 | D        | Found a glowing golden altar of the Shining One.
   121 | D        | Found a glowing silver altar of Zin.
   121 | D        | Found a basalt altar of Yredelemnul.
   121 | D        | Found a shimmering altar of Xom.
   121 | D        | Found an ornate altar of the Wu Jian Council.
   121 | D        | Found a sacrificial altar of Ru.
   121 | D        | Found a stormy altar of Qazlal.
   121 | D        | Found an iron altar of Okawaru.
   121 | D        | Found a sparkling altar of Nemelex Xobeh.
   121 | D        | Found a burning altar of Makhleb.
   121 | D        | Found a blossoming altar of Fedhas.
   121 | D        | Found a white marble altar of Elyvilon.
   121 | D        | Found a shadowy altar of Dithmenos.
   121 | D        | Found a snail-covered altar of Cheibriados.
   125 | D        | Found a corrupted altar of Lugonu.
   125 | D        | Found a radiant altar of Vehumet.
   126 | D        | Found a broken altar of Ashenzari.
   126 | D        | Found an ancient bone altar of Kikubaaqudgha.
   126 | D        | Found a hide-covered altar of Uskayaw.
   169 | D        | Reached *** piety under Trog
   182 | D        | Reached **** piety under Trog
   256 | D        | Reached ***** piety under Trog
   263 | D        | Reached skill level 10 in Unarmed Combat
   305 | D        | Received a gift from Trog
   308 | D        | Noticed a death yak
   316 | D        | Mangled by a death yak

Illustrated notes

Levels and vault maps discovered:
D:        pitsprint [storerooms_1, entrance_room_1, metal_vault_4, armoury_2,
          mini_pit_1, grid_room_1, main_hall_1, silver_pit, the_coven_3,
          the_vestibule_1, steel_vault_2, golden_pit, hallway_of_sentries,
          crystal_vault_4, iron_vault_5, final_vault]

Skill      XL: |  1  2  3  4  5  6  7 |
---------------+----------------------+-----
Fighting       | 5 8 |  8.8
Dodging        | 5 7 8 |  8.7
Unarmed Combat | 6 9 10 | 10.4

Action                     |  1- 3 |  4- 6 |  7- 9 || total
---------------------------+-------+-------+-------++-------
  Melee: Unarmed           |     1 |     3 |    46 ||    50
         Punch             |     1 |       |     3 ||     4
 Invoke: Berserk           |     1 |       |       ||     1
 Armour: Animal skin       |     2 |       |    23 ||    25
  Dodge: Dodged            |     6 |     1 |    17 ||    24

Table legend: (Time is in decaauts)
 A = Elapsed time spent in this place.
 B = Non-inter-level travel time spent in this place.
 C = Inter-level travel time spent in this place.
 D = Time resting spent in this place.
 E = Time spent auto-exploring this place.
 F = Levels seen in this place.
 G = Mean time per level.
                   A        B        C        D        E       F      G
               +--------+--------+--------+--------+--------+-----+--------+
         Total |    337 |    337 |      0 |     80 |    108 |   1 |  337.0 |
       Dungeon |    337 |    337 |      0 |     80 |    108 |   1 |  337.0 |
               +--------+--------+--------+--------+--------+-----+--------+

Top non-repeatable levels by time:
       D: 337 daAuts
